 Dungeon Crawl Stone Soup version 0.28.0-53-g5a82cb258f (webtiles) character file.

Game seed: 15486866798831358362

4947 raph the Geomancer (level 10, 0/56 HPs)
             Began as a Deep Elf Earth Elementalist on July 14, 2022.
             Was a Believer of Sif Muna.
             Slain by a slime creature (16 damage)
             ... on level 9 of the Dungeon.
             The game lasted 00:23:18 (12774 turns).

raph the Geomancer (Deep Elf Earth Elementalist)   Turns: 12774, Time: 00:23:19

Health: 0/56       AC:  6    Str:  5    XL:     10   Next: 28%
Magic:  7/21       EV: 13    Int: 25    God:    Sif Muna [**....]
Gold:   223        SH:  5    Dex: 15    Spells: 9/22 levels left

rFire   . . .      SeeInvis .   a - staff of conjuration
rCold   . . .      Faith    .   (no shield)
rNeg    . . .      Spirit   .   s - +1 troll leather armour
rPois   +          Reflect  +   (no helmet)
rElec   .          Harm     .   l - +0 cloak
rCorr   .          Rampage  .   (no gloves)
Will    +....                   (no boots)
Stlth   ++........              x - amulet of reflection
HPRegen 0.98/turn               h - ring of poison resistance
MPRegen 0.17/turn               (no ring)

@: no status effects
A: no striking features
a: Renounce Religion, Channel Magic


You were on level 9 of the Dungeon.
You worshipped Sif Muna.
Sif Muna was pleased with you.
You visited 2 branches of the dungeon, and saw 10 of its levels.

You collected 371 gold pieces.
You spent 148 gold pieces at shops.

Inventory:

Hand Weapons
 b - a +0 shortbow
 k - a +1 short sword
 p - a +1 rapier
Missiles
 c - 64 stones
 e - 15 poisoned darts
 A - 2 throwing nets
 F - 44 arrows
Armour
 i - a +1 robe of positive energy
 l - a +0 cloak (worn)
 s - a +1 troll leather armour (worn)
 E - a +0 robe
Magical Staves
 a - a staff of conjuration (weapon)
Jewellery
 h - a ring of poison resistance (left hand)
 x - an amulet of reflection (around neck)
Wands
 t - a wand of mindburst (9)
 B - a wand of iceblast (7)
Scrolls
 m - a scroll of enchant weapon
 o - 2 scrolls of amnesia
 q - a scroll of teleportation
 w - 2 scrolls of identify
 z - a scroll of fog
 C - a scroll of magic mapping
 G - a scroll of enchant armour
Potions
 d - 3 potions of brilliance
 f - 3 potions of cancellation
 g - a potion of mutation
 n - a potion of attraction
 r - 2 potions of heal wounds
 u - 3 potions of flight
 v - 3 potions of curing
 D - a potion of degeneration {unknown}


   Skills:
 + Level 3.5 Fighting
 + Level 5.8 Dodging
 - Level 2.8 Stealth
 + Level 6.5 Spellcasting
 * Level 8.6 Conjurations
 + Level 5.1 Hexes
 - Level 1.1 Transmutations
 * Level 9.8 Earth Magic
 + Level 4.5 Invocations


You had 9 spell levels left.
You knew the following spells:

 Your Spells              Type           Power      Damage    Failure   Level
a - Sandblast             Erth           100%       2d20      1%          1
b - Passwall              Tmut/Erth      29%        N/A       1%          2
c - Stone Arrow           Conj/Erth      100%       3d13      1%          3
d - Petrify               Tmut/Erth      35%        N/A       12%         4
e - Tukima's Dance        Hex            33%        N/A       4%          3

Your spell library contained the following spells:

 Spells                   Type           Power      Damage    Failure   Level
 Yara's Violent Unravell  Hex/Tmut       11%        3d6       67%         5
 Passage of Golubria      Tloc           8%         N/A       75%         4
 Metabolic Englaciation   Hex/Ice        10%        N/A       75%         5
 Statue Form              Tmut/Erth      23%        N/A       88%         6


Dungeon Overview and Level Annotations

Branches:
Dungeon (9/15)             Temple (1/1) D:4
   Lair: D:8-11         Orc: D:9-12

Altars:
Ashenzari
Cheibriados
Dithmenos
Elyvilon
Fedhas
Gozag
Hepliaklqana
Kikubaaqudgha
Makhleb
Nemelex Xobeh
Okawaru
Qazlal
Ru
Sif Muna
Trog
Uskayaw
Vehumet
Wu Jian
Xom
Yredelemnul
Zin
The Shining One

Shops:
D:3 (((*=   D:4 *   D:8 (

Annotations:
D:3 3 runed translucent doors, erker's ghost, amateur OpEE
D:7 2 transporters
D:9 Maurice


Message History

The slime creature hits you!
Aiming: Sandblast (safe; 1% risk of failure)
Press: ? - help, Q - select action, (/) - cycle Shift-Dir - straight line, f/p - slime creature
Aim: a slime creature (almost dead, 96% to hit)
The blast of sand hits the slime creature!!
You kill the slime creature!
Sif Muna accepts your kill.
You now have 223 gold pieces (gained 9).
Things that are here:
a +0 plate armour; an orc corpse Two slime creatures merge to form a large slime creature.
You see here a +0 glaive.
Aiming: Sandblast (safe; 1% risk of failure)
Press: ? - help, Q - select action, (/) - cycle Shift-Dir - straight line, f - large slime creature
Aim: a large slime creature (96% to hit)
The blast of sand hits the large slime creature!!
The large slime creature is moderately wounded.
Aiming: Sandblast (safe; 1% risk of failure)
Press: ? - help, Q - select action, (/) - cycle Shift-Dir - straight line, f/p - large slime creature
Aim: a large slime creature (moderately wounded, 96% to hit)
The blast of sand hits the large slime creature!!
The large slime creature is heavily wounded.
Aiming: Sandblast (safe; 1% risk of failure)
Press: ? - help, Q - select action, (/) - cycle Shift-Dir - straight line, f/p - large slime creature
Aim: a large slime creature (heavily wounded, 96% to hit)
The blast of sand hits the large slime creature!
The large slime creature is heavily wounded.
An orc wizard comes into view. It is wielding a +0 dagger.
The large slime creature hits you!
* * * LOW HITPOINT WARNING * * *
Aiming: Sandblast (safe; 1% risk of failure)
Press: ? - help, Q - select action, (/) - cycle Shift-Dir - straight line, f/p - large slime creature
Aim: a large slime creature (heavily wounded, 96% to hit)
The blast of sand hits the large slime creature!
The large slime creature is severely wounded.
A large slime creature splits.
As you read the scroll of summoning, it crumbles to dust.
Wisps of shadow whirl around you... The slime creature barely misses you.
The slime creature hits you!
You die...

####### #######
#YY...# .......
#JJ.Y.# .......
#@Jo..# .......
#T....###.....J.
#oo..oo.....J...
#..#####'######
#(.#.........#
#..#.#.#W#.#.#
#..#..#.#.#..
#..#.# . . #.#
#..+. #. .# .'#


You could see 3 slime creatures, 2 orcs, 3 friendly yaks, a friendly troll
(summoned), 2 friendly orc wizards and a friendly orc (summoned).

Vanquished Creatures
  Harold (D:8)
  An unseen horror (D:8)
  Psyche (D:8)
  Prince Ribbit (D:8)
  A slime creature (D:9)
  A wraith (D:9)
  3 yaks (D:9)
  A water moccasin (D:7)
  An ogre (D:4)
  7 orc warriors
  A black bear (D:7)
  A sky beast (D:6)
  A necrophage (D:6)
  A centaur (D:9)
  2 kobold brigands (D:6)
  A scorpion (D:6)
  4 wights (D:8)
  7 howler monkeys
  3 centaur zombies
  3 orc priests
  6 hounds
  3 jellies
  2 centaur skeletons
  3 iguanas
  6 orc wizards
  A howler monkey zombie (D:6)
  3 adders
  8 gnolls
  A shadow imp (D:6)
  A white imp (D:6)
  An ufetubus (D:6)
  A worm (D:2)
  3 dart slugs
  31 orcs
  8 ball pythons
  5 endoplasms
  10 goblins
  8 hobgoblins
  8 jackals
  18 kobolds
  3 quokkas
  5 bats
  2 frilled lizards (D:3)
  5 rats
184 creatures vanquished.

Vanquished Creatures (collateral kills)
  A goblin (D:7)
1 creature vanquished.

Vanquished Creatures (others)
  4 dancing weapons
4 creatures vanquished.

Grand Total: 189 creatures vanquished

Notes
Turn   | Place    | Note
-------+----------+-------------------------------------------
     0 | D:1      | raph the Deep Elf Earth Elementalist began the quest for
                  | the Orb.
     0 | D:1      | Reached XP level 1. HP: 10/10 MP: 6/6
   168 | D:1      | Reached skill level 4 in Earth Magic
   168 | D:1      | Reached XP level 2. HP: 15/15 MP: 5/8
   197 | D:1      | Learned a level 2 spell: Passwall
   808 | D:1      | Reached XP level 3. HP: 17/19 MP: 5/9
   859 | D:1      | Learned a level 3 spell: Stone Arrow
  2040 | D:2      | Reached skill level 1 in Conjurations
  2792 | D:2      | Reached XP level 4. HP: 24/24 MP: 0/10
  3034 | D:2      | Found a faded altar of an unknown god.
  3265 | D:3      | Found a runed translucent gate.
  3265 | D:3      | Found a runed translucent gate.
  3265 | D:3      | Found a runed translucent gate.
  3265 | D:3      | Found Eruapp's Weapon Boutique.
  3271 | D:3      | Reached skill level 5 in Earth Magic
  3424 | D:3      | Reached XP level 5. HP: 28/28 MP: 7/11
  3471 | D:3      | Learned a level 4 spell: Petrify
  3584 | D:3      | Found Woelesmu's Weapon Boutique.
  3592 | D:3      | Found Luteija's General Store.
  3595 | D:3      | Bought 20 stones for 20 gold pieces
  3603 | D:3      | Bought a scroll of fear for 35 gold pieces
  3708 | D:3      | Found Raisekic's Jewellery Boutique.
  4020 | D:3      | Noticed erker's ghost (amateur OpEE)
  4120 | D:3      | Found Cunnauw's Weapon Shoppe.
  4582 | D:4      | Noticed an ogre
  4584 | D:4      | Killed an ogre
  4730 | D:4      | Reached XP level 6. HP: 32/32 MP: 5/12
  4790 | D:4      | Reached skill level 6 in Earth Magic
  4885 | D:4      | Found a staircase to the Ecumenical Temple.
  4923 | Temple   | Entered the Ecumenical Temple
  5197 | Temple   | Became a worshipper of Sif Muna the Loreminder
  5526 | D:4      | Found Hejagric's Assorted Antiques.
  5835 | D:5      | Entered Level 5 of the Dungeon
  6202 | D:5      | Reached skill level 5 in Conjurations
  6202 | D:5      | Reached XP level 7. HP: 36/36 MP: 3/13
  6445 | D:5      | Reached skill level 7 in Earth Magic
  7303 | D:4      | Bought a scroll of identify for 48 gold pieces
  7459 | D:6      | Reached * piety under Sif Muna
  7460 | D:6      | Reached skill level 1 in Invocations
  7537 | D:6      | Reached skill level 1 in Fighting
  7629 | D:6      | Learned a level 3 spell: Tukima's Dance
  7835 | D:6      | Reached XP level 8. HP: 43/43 MP: 8/15
  7954 | D:6      | Reached skill level 1 in Hexes
  8869 | D:3      | Bought a +0 cloak for 45 gold pieces
  9003 | D:7      | Found a flagged portal.
  9250 | D:7      | Reached skill level 8 in Earth Magic
  9269 | D:7      | Found a basalt altar of Yredelemnul.
  9341 | D:7      | Found a transporter.
  9768 | D:7      | Reached ** piety under Sif Muna
 10309 | D:7      | Found a transporter.
 10701 | D:8      | Reached XP level 9. HP: 36/48 MP: 3/18
 10918 | D:8      | Killed an unseen horror
 10919 | D:8      | Reached skill level 5 in Spellcasting
 11142 | D:8      | Noticed Harold
 11170 | D:8      | Killed Harold
 11171 | D:8      | Reached skill level 5 in Dodging
 11171 | D:8      | Reached skill level 9 in Earth Magic
 11350 | D:8      | Found Lagaysac's Antique Weapon Shop.
 11643 | D:8      | Noticed Prince Ribbit
 11652 | D:8      | Killed Prince Ribbit
 11864 | D:8      | Noticed Psyche
 11885 | D:8      | Killed Psyche
 12567 | D:9      | Reached XP level 10. HP: 56/56 MP: 10/21
 12677 | D:9      | Noticed Maurice
 12678 | D:9      | Paralysed by Maurice for 6 turns
 12755 | D:9      | Reached skill level 5 in Hexes
 12774 | D:9      | Slain by a slime creature

Illustrated notes

Levels and vault maps discovered:
D:1:      amcnicky_arrival_blooded_trapdoor, layout_basic, minmay_hedge_maze
D:2:      layout_rooms, chequers_ecumenical_altar_simple
D:3:      layout_basic, serial_shops, nicolae_shop_bloodbath_and_beyond,
          nicolae_shop_behind_doors, nicolae_shop_trees, nicolae_square_shop,
          shop, gammafunk_ghost_split, minmay_cupped
D:4:      layout_cave_pools, minmay_temple_entry_wispy, serial_shops,
          nicolae_take_the_stairs, hangedman_decor_peaks_small,
          kennysheep_generic_room_9
D:5:      layout_loops_ring, amcnicky_mini_rare_corridor_liquid, st_stairs_9
D:6:      layout_loops_cross
D:7:      gammafunk_cloud_chamber, layout_basic,
          mainiacjoe_overflow_surrounded_room, enter_bailey_3
D:8:      layout_basic, serial_shops, nicolae_square_shop, uniq_prince_ribbit1,
          uniq_psyche, uniq_harold
D:9:      minmay_the_grid_4x2 [minmay_the_grid_dragon_b,
          minmay_the_grid_medium_cups, minmay_the_grid_minigrid_large,
          minmay_the_grid_square_x, minmay_the_grid_minigrid_medium,
          minmay_the_grid_gridbox, minmay_the_grid_pillar_ring,
          minmay_the_grid_prize_big_room], layout_long_grid, erik_lair_dragon,
          hiddenorc2_lemuel, kennysheep_generic_room_7, uniq_maurice
Temple:   mainiacjoe_temple_hex_bubbles

Skill      XL: |  1  2  3  4  5  6  7  8  9 10 |
---------------+-------------------------------+-----
Earth Magic    | 4 5 6 7 8 9 |  9.8
Conjurations   | 1 2 3 5 6 7 8 |  8.6
Invocations    | 1 3 4 |  4.5
Fighting       | 1 2 3 |  3.5
Dodging        | 3 4 5 |  5.8
Spellcasting   | 4 6 |  6.5
Hexes          | 2 4 5 |  5.1
Stealth        | |  2.8
Transmutations | |  1.1

Action                   |  1- 3 |  4- 6 |  7- 9 | 10-12 || total
-------------------------+-------+-------+-------+-------++-------
Melee: Short sword       |    32 |       |       |       ||    32
       Staff             |       |       |     1 |     1 ||     2
       Rapier            |       |       |       |     2 ||     2
Throw: Dart              |       |     5 |     7 |     1 ||    13
       Stone             |       |       |     1 |       ||     1
 Cast: Sandblast         |    31 |    17 |    88 |    26 ||   162
       Stone Arrow       |    24 |    41 |    78 |     6 ||   149
       Tukima's Dance    |       |       |    16 |     4 ||    20
       Petrify           |       |       |     4 |       ||     4
       Passwall          |       |       |     2 |       ||     2
Invok: Channel Magic     |       |       |     2 |     1 ||     3
Evoke: Wand              |       |       |       |     1 ||     1
  Use: Scroll            |     4 |     5 |    10 |     3 ||    22
       Potion            |       |       |     1 |       ||     1
 Stab: Sleeping          |     1 |       |       |     1 ||     2
Armor: Robe              |    16 |     1 |       |       ||    17
       Troll leather arm |       |       |    11 |     5 ||    16
Dodge: Dodged            |    59 |     7 |    33 |     9 ||   108
Block: Other             |       |       |     7 |     4 ||    11
       Reflection        |       |       |     2 |       ||     2
